 Dungeon Crawl Stone Soup version 0.24.1-1-gd1d2a07e1b (webtiles) character file.

Game seed: 17724057885721967822, levelgen mode: deterministic

561596 ezni the Petrodigitator (level 26, -2/160 HPs)
             Began as a Gargoyle Earth Elementalist on Apr 7, 2020.
             Was the Champion of Vehumet.
             Slain by a death scarab (13 damage)
             ... on level 2 of the Tomb of the Ancients on Apr 9, 2020.
             The game lasted 05:44:41 (67499 turns).

ezni the Petrodigitator (GrEE)                     Turns: 67499, Time: 05:44:43

Health: -2/160     AC: 47    Str: 15    XL:     26   Next: 66%
Magic:  0/68       EV:  4    Int: 36    God:    Vehumet [******]
Gold:   4466       SH:  0    Dex: 18    Spells: 37/77 levels left

rFire    . . .     SeeInvis .   b - staff of power
rCold    . . .     Gourm    .   c - +1 buckler {AC+3}
rNeg     + + +     Faith    .   E - +2 chain mail of Xuenomek {Int+5 Slay+2}
rPois    ∞         Spirit   +   B - +0 helmet
rElec    +         Reflect  .   X - scarf {repulsion}
rCorr    .         Harm     .   z - +2 pair of gloves
MR       ++...                  x - +1 pair of boots
Stlth    ..........             J - amulet of Ytuodo {Spirit rElec rN+ Int+5}
HPRegen  0.36/turn              i - ring "Ilail" {MR+ Int+5 Dex+6}
MPRegen  0.41/turn              y - ring of positive energy

@: marked, flying, very slightly contaminated, held, hasted and slowed, studying
Air Magic, repel missiles
A: big wings, dopey 1, mutation resistance 1, negative energy resistance 1,
shaggy fur 1, electricity resistance, unbreathing, petrification resistance, no
potion heal 1, rot immunity, AC +20
}: 3/15 runes: decaying, serpentine, silver
a: Stop Flying, Renounce Religion


You were on level 2 of the Tomb of the Ancients.
You worshipped Vehumet.
Vehumet was exalted by your worship.
You were not hungry.

You visited 10 branches of the dungeon, and saw 45 of its levels.
You visited the Abyss 1 time.
You also visited: Ossuary.

You collected 7181 gold pieces.
You spent 2715 gold pieces at shops.

Inventory:

Hand Weapons
 a - the +1 halberd "Demon's Demise" {pain, +Rage +Fly MR++}
   (You bought it in a shop on level 9 of the Dungeon)

   In the hands of one skilled in necromantic magic, it inflicts extra damage on
   living creatures.
   It affects your resistance to hostile enchantments.
   It lets you fly.
   It lets you go berserk.
Armour
 c - a +1 buckler of protection (worn)
 x - a +1 pair of boots (worn)
 z - a +2 pair of gloves (worn)
 B - a +0 helmet (worn)
 E - the +2 chain mail of Xuenomek (worn) {Int+5 Slay+2}
   (You found it on level 4 of the Vaults)

   It affects your intelligence (+5).
   It affects your accuracy and damage with ranged weapons and melee attacks
   (+2).
 X - a scarf of repulsion (worn)
Magical Staves
 b - an uncursed staff of power (weapon)
Jewellery
 i - the ring "Ilail" (left hand) {MR+ Int+5 Dex+6}
   (You took it off a deep elf death mage on level 3 of the Elven Halls)

   [ring of dexterity]

   It affects your intelligence (+5).
   It affects your dexterity (+6).
   It affects your resistance to hostile enchantments.
 o - an uncursed ring of resist corrosion
 u - a +6 ring of intelligence
 w - an uncursed ring of see invisible
 y - a ring of positive energy (right hand)
 J - the amulet of Ytuodo (around neck) {Spirit rElec rN+ Int+5}
   (You acquired it on level 2 of the Orcish Mines)

   [amulet of guardian spirit]

   It causes incoming damage to be split between your health and magic.
   It affects your intelligence (+5).
   It insulates you from electricity.
   It protects you from negative energy.
 L - the ring of Etuxorgh {rPois rC++}
   (You found it on level 3 of the Crypt)

   [ring of poison resistance]

   It greatly protects you from cold.
   It protects you from poison.
Wands
 g - a wand of disintegration (64)
 D - a wand of flame (46)
 Q - a wand of digging (15)
 T - a wand of iceblast (18)
 W - a wand of acid (25)
Scrolls
 h - 5 scrolls of fog
 l - a scroll of enchant armour
 t - a scroll of silence
 A - 3 scrolls of fear
 F - a scroll of acquirement
 G - a scroll of amnesia
 H - 5 scrolls of remove curse
 M - 5 scrolls of blinking
 O - 13 scrolls of identify
 P - 6 scrolls of magic mapping
 R - 4 scrolls of teleportation
Potions
 e - 8 potions of might
 f - 9 potions of resistance
 j - 16 potions of curing
 k - a potion of heal wounds
 m - 8 potions of agility
 n - 3 potions of mutation
 q - 4 potions of berserk rage
 r - 3 potions of invisibility
 s - 3 potions of cancellation
 v - 8 potions of brilliance
 C - 2 potions of haste
 V - 3 potions of lignification
Books
 p - a manual of Air Magic
Comestibles
 d - 53 rations


   Skills:
 - Level 15.0 Fighting
 - Level 15.0 Armour
 - Level 1.5 Dodging
 - Level 2.1 Stealth
 - Level 4.2 Shields
 + Level 26.0 Spellcasting
 - Level 15.0 Conjurations
   Level 0.7 Transmutations
 O Level 27 Earth Magic


You had 37 spell levels left.
You knew the following spells:

 Your Spells              Type           Power        Failure   Level  Hunger
a - Lehudib's Crystal Sp  Conj/Erth      ########..   1%          8    None
b - Stone Arrow           Conj/Erth      ######       0%          3    None
c - Lee's Rapid Deconstr  Erth           ########..   0%          5    None
d - Iron Shot             Conj/Erth      ########..   1%          6    None
e - Shatter               Erth           ########..   1%          9    ###....
f - Fire Storm            Conj/Fire      #######...   100%        9    ###....

Your spell library contained the following spells:

 Spells                   Type           Power        Failure   Level  Hunger
 Glaciate                 Conj/Ice       #######...   100%        9    ###....
 Magic Dart               Conj           ####         0%          1    None
 Sandblast                Erth           ######       0%          1    None
 Searing Ray              Conj           ######       0%          2    None
 Freeze                   Ice            ####         1%          1    None
 Shock                    Conj/Air       ####         1%          1    None
 Passwall                 Tmut/Erth      #######.     1%          2    None
 Throw Frost              Conj/Ice       ######       1%          2    None
 Conjure Flame            Conj/Fire      #######.     1%          3    None
 Dazzling Spray           Conj/Hex       ######       1%          3    None
 Mephitic Cloud           Conj/Pois/Air  ######..     1%          3    None
 Static Discharge         Conj/Air       #######.     1%          3    None
 Force Lance              Conj/Tloc      #######.     1%          4    None
 Fulminant Prism          Conj/Hex       #######...   1%          4    None
 Iskenderun's Mystic Bla  Conj           ########     1%          4    None
 Leda's Liquefaction      Hex/Erth       #######...   1%          4    None
 Petrify                  Tmut/Erth      #######.     1%          4    None
 Throw Icicle             Conj/Ice       #######.     1%          4    None
 Bolt of Draining         Conj/Necr      #######...   1%          5    None
 Bolt of Magma            Conj/Fire/Erth #######...   1%          5    None
 Borgnjor's Vile Clutch   Necr/Erth      #######...   1%          5    None
 Irradiate                Conj/Tmut      #######...   1%          5    None
 Iskenderun's Battlesphe  Conj/Chrm      #######.     1%          5    None
 Lightning Bolt           Conj/Air       #######...   1%          5    None
 Venom Bolt               Conj/Pois      #######...   1%          5    None
 Orb of Destruction       Conj           ########..   1%          7    None
 Animate Skeleton         Necr           N/A          3%          1    None
 Apportation              Tloc           #####.       3%          1    None
 Beastly Appendage        Tmut           ######       3%          1    None
 Confusing Touch          Hex            #####.       3%          1    None
 Corona                   Hex            #####..      3%          1    None
 Pain                     Necr           ####         3%          1    None
 Summon Butterflies       Summ           #####...     3%          1    None
 Summon Small Mammal      Summ           ####         3%          1    None
 Inner Flame              Hex/Fire       #####...     3%          3    None
 Sticks to Snakes         Tmut           ######..     4%          2    None
 Blink                    Tloc           N/A          6%          2    None
 Call Imp                 Summ           #####...     6%          2    None
 Ensorcelled Hibernation  Hex/Ice        #####.       6%          2    None
 Poisonous Vapours        Pois/Air       #####.       6%          2    None
 Shroud of Golubria       Chrm/Tloc      #####.       6%          2    None
 Slow                     Hex            #####...     6%          2    None
 Song of Slaying          Chrm           #####...     6%          2    None
 Swiftness                Chrm/Air       #####...     6%          2    None
 Spider Form              Tmut/Pois      #####.....   10%         3    None
 Call Canine Familiar     Summ           #####...     12%         3    None
 Confuse                  Hex            #####...     12%         3    None
 Gell's Gravitas          Tloc           #####.....   12%         3    None
 Lesser Beckoning         Tloc           #####.....   12%         3    None
 Ozocubu's Armour         Chrm/Ice       #####...     12%         3    None
 Portal Projectile        Hex/Tloc       #####.       12%         3    None
 Regeneration             Chrm/Necr      #####.....   12%         3    None
 Spectral Weapon          Hex/Chrm       #####...     12%         3    None
 Summon Guardian Golem    Hex/Summ       #####...     12%         3    None
 Teleport Other           Tloc           #####...     12%         3    None
 Tukima's Dance           Hex            #####...     12%         3    None
 Vampiric Draining        Necr           #####.....   12%         3    None
 Freezing Cloud           Conj/Ice/Air   ######....   19%         6    None
 Yara's Violent Unravell  Hex/Tmut       #####.....   24%         5    None
 Ice Form                 Ice/Tmut       #####...     32%         4    None
 Animate Dead             Necr           N/A          36%         4    None
 Cause Fear               Hex            #####.....   36%         4    None
 Passage of Golubria      Tloc           N/A          36%         4    None
 Summon Ice Beast         Ice/Summ       #####...     36%         4    None
 Summon Lightning Spire   Summ/Air       #####...     36%         4    None
 Spellforged Servitor     Conj/Summ      #######...   36%         7    None
 Blade Hands              Tmut           ######....   63%         5    None
 Alistair's Intoxication  Tmut/Pois      #####...     67%         5    None
 Agony                    Necr           #####...     71%         5    None
 Excruciating Wounds      Chrm/Necr      #####.....   71%         5    None
 Metabolic Englaciation   Hex/Ice        #####.....   71%         5    None
 Silence                  Hex/Air        #####.....   71%         5    None
 Summon Mana Viper        Hex/Summ       #####...     71%         5    None
 Ozocubu's Refrigeration  Ice            #####.....   78%         6    None
 Darkness                 Hex            #####.....   99%         6    None
 Death Channel            Necr           #####.....   99%         6    None
 Deflect Missiles         Chrm/Air       #####.....   99%         6    None
 Hydra Form               Tmut           ######....   99%         6    None
 Invisibility             Hex            #####...     99%         6    None
 Shadow Creatures         Summ           N/A          99%         6    None
 Dragon Form              Tmut           ######....   100%        7    None
 Ring of Flames           Chrm/Fire      #####.....   100%        7    None
 Summon Hydra             Summ           #####.....   100%        7    None
 Discord                  Hex            #####.....   100%        8    None
 Ignition                 Fire           #####.....   100%        8    None
 Necromutation            Tmut/Necr      #####.....   100%        8    None
 Tornado                  Air            #####.....   100%        9    ###....
 Statue Form              Tmut/Erth      Unusable     N/A         6    N/A
 Sublimation of Blood     Necr           Unusable     N/A         2    N/A

Dungeon Overview and Level Annotations

Branches:
Dungeon (15/15)            Temple (1/1) D:6            Lair (6/6) D:11
  Swamp (4/4) Lair:2        Snake (4/4) Lair:4        Slime (0/5) Lair:5
    Orc (2/2) D:9             Elf (3/3) Orc:2        Vaults (5/5) D:14
  Crypt (3/3) Vaults:3       Tomb (2/3) Crypt:3      Depths (0/5) D:15
Ossuary (visited)

Altars:
Ashenzari
Cheibriados
Dithmenos
Fedhas
Hepliaklqana
Kikubaaqudgha
Makhleb
Nemelex Xobeh
Okawaru
Qazlal
Ru
Sif Muna
Trog
Uskayaw
Vehumet
Wu Jian
Xom
Yredelemnul
The Shining One
Jiyva

Shops:
D:9 (   D:11 :   D:14 :   D:15 (   Orc:1 !   Orc:2 }=(*[}   Elf:2 !}=*
Elf:3 [   Snake:2 =}=   Snake:3 ?*}   Vaults:4 (?((

Portals:
Trove: Elf:3 (lose all piety)

Annotations:
D:6 2 transporters
Snake:2 1 runed translucent door, Veruih's ghost, adept DDFi
Elf:1 3 runed translucent doors


Innate Abilities, Weirdness & Mutations

You are resistant to torment.
Your stone body is resilient. (AC +20)
You are immune to poison.
Your large and strong wings let you fly indefinitely.
You resist negative energy. (rN+)
You are resistant to electric shocks. (rElec)
You can survive without breathing.
You are immune to petrification.
You are immune to rotting.
You are dopey. (Int -2)
You are somewhat resistant to further mutation.
You are covered in fur. (AC +1)
Potions are less effective at restoring your health.


Message History

The death scarab drains your vigour!
You feel as though you will be slow longer.
The death scarab bites you!
* * * LOW HITPOINT WARNING * * *
The death scarab drains your vigour!
You feel as though you will be slow longer.
The death scarab bites you but does no damage.
The death scarab bites you!
* * * LOW HITPOINT WARNING * * *
The death scarab bites you but does no damage.
The death scarab barely misses you.
The death scarab bites you but does no damage. x2
Your system partially rejects the healing.
You feel much better.
The death scarab bites you but does no damage.
The death scarab bites you!
* * * LOW HITPOINT WARNING * * *
The death scarab bites you but does no damage. x2
The death scarab bites you!
You die...

##^....#.)..........†...^).
#.......#.................
#..^.....#....^.z.M†.M.†..
#....M...#....)....†.†....
#...M..#.....Z.....!M......
#......#....M..M....†..†...
##.....#...MM#.M...........
#...M.#..Ms...............
###'###..@sb.........#....
.^. #..ss........##...bs
.^'...................
....#...##.....$.......#
....#...##............s#
### #...................
#................... #####
#'# ########


You could see a bennu, a skeletal warrior, 4 guardian mummies, 4 death scarabs,
2 mummies and a catoblepas zombie.

Vanquished Creatures
  Khufu (Crypt:1)
  5 ancient liches
  20 greater mummies
  Vashnia (Snake:2)
  Nikola (Swamp:2)
  A golden dragon (Vaults:5)
  3 tentacled monstrosities
  Rupert (Snake:1)
  Jorgrun (Swamp:3)
  Asterion (Vaults:2)
  4 liches
  2 deep elf master archers (Elf:3)
  A titan (Vaults:5)
  3 deep elf blademasters
  10 sphinxes
  4 ancient champions
  Frances (Elf:1)
  6 tengu reavers (Vaults:5)
  3 shadow dragons
  5 thorn hunters
  3 revenants
  A storm dragon (Vaults:4)
  6 nagarajas (Snake:4)
  Kirke (Elf:1)
  Roxanne (Swamp:4)
  3 frost giants (Vaults:5)
  Aizul (Snake:3)
  A cacodemon (Abyss:2)
  3 iron dragons (Vaults:5)
  5 deep elf sorcerers
  3 fire giants
  6 ghouls
  16 vault wardens
  The ghost of kalagan the Geomancer, a journeyman GrEE of Sif Muna (D:10)
  2 deep elf elementalists (Elf:3)
  4 curse skulls
  11 ironheart preservers
  3 war gargoyles (Crypt:3)
  12 stone giants
  5 very ugly things
  3 vampire knights (Crypt:1)
  5 bennus
  9 deep elf demonologists
  6 deep elf annihilators (Elf:3)
  A dire elephant (D:15)
  Azrael (D:15)
  8 ettins
  17 mummy priests
  3 deep elf high priests (Elf:3)
  10 deep elf death magi
  2 eidola
  Josephine (D:15)
  8 yaktaur captains
  6 fire dragons
  13 naga warriors
  A great orb of eyes (Vaults:3)
  28 vault guards
  5 jiangshi
  24 hydras
  The ghost of Jothiaqe the Thaumaturge, a journeyman GnSk of Okawaru (D:11)
  The ghost of Lexkydop the Grappler, a novice TrBe of Trog (D:11)
  The ghost of Loryin the Thaumaturge, a journeyman GnVM of Ashenzari (D:11)
  3 catoblepae (Lair:6)
  8 centaur warriors
  13 anacondas
  14 two-headed ogres
  The ghost of Empiepe the Cleaver, a novice DDFi of Makhleb (D:11)
  5 shambling mangroves
  A deep troll shaman (Vaults:2)
  27 dancing weapons
  7 ogre magi
  3 death knights
  A thrashing horror (Abyss:2)
  2 tengu warriors (D:14)
  38 death scarabs
  20 alligators
  5 orc high priests (Orc:2)
  18 naga sharpshooters
  11 death yaks (Lair:6)
  5 vampire magi
  Urug (D:14)
  3 shock serpents
  5 spriggans
  A storm dragon zombie (Vaults:2)
  20 deep elf knights
  A fire crab (shapeshifter) (Vaults:5)
  A fire crab (Swamp:4)
  An anaconda zombie (Tomb:1)
  4 shadow wraiths
  37 skeletal warriors
  Nergalle (D:11)
  3 unseen horrors
  8 deep trolls
  A deep troll (shapeshifter) (Vaults:5)
  A golden dragon zombie (Crypt:2)
  8 flayed ghosts
  A spriggan druid (Swamp:2)
  9 swamp dragons
  A ghost moth zombie (Crypt:1)
  A wizard (Vaults:2)
  2 starcursed masses (Abyss:2)
  3 sea snakes (Snake:1)
  4 salamander mystics
  A golden dragon skeleton (Crypt:2)
  10 deep elf archers
  Pikel (D:6)
  18 phantasmal warriors
  A harpy (Vaults:2)
  A glowing orange brain (shapeshifter) (Vaults:1)
  2 glowing orange brains
  6 necromancers
  A lindwurm (Swamp:4)
  5 naga ritualists
  An iron giant skeleton (Crypt:1)
  A lindwurm (shapeshifter) (Vaults:2)
  16 ironbrand convokers
  A shadow dragon zombie (Crypt:1)
  10 ugly things
  27 orc knights
  A fire giant zombie (Vaults:4)
  The ghost of nano the Shooter, a novice DsHu of Cheibriados (D:6)
  4 oklob plants
  5 orc sorcerers
  A sphinx zombie (Crypt:1)
  A tengu skeleton (Vaults:3)
  A wolf spider zombie (D:15)
  A mana viper (shapeshifter) (Vaults:1)
  4 wolf spiders
  A shadow dragon skeleton (Vaults:3)
  62 deep elf magi
  17 mana vipers
  A salamander (shapeshifter) (Vaults:1)
  8 manticores
  A sphinx skeleton (Vaults:3)
  5 cyclopes
  2 black mambas (shapeshifter)
  15 salamanders
  14 elephants
  An iron dragon skeleton (Crypt:3)
  2 guardian serpents
  31 naga magi
  4 frost giant skeletons
  Joseph (D:7)
  38 black mambas
  9 fire giant skeletons
  A molten gargoyle (Swamp:4)
  14 vault sentinels
  A storm dragon simulacrum (Crypt:2)
  11 spiny frogs
  A water nymph (shapeshifter) (Vaults:5)
  The ghost of jaiteiro the Slasher, a novice BaFi (D:5)
  4 gargoyles (Crypt:3)
  11 rime drakes
  42 yaktaurs
  6 komodo dragons
  6 freezing wraiths
  A yaktaur skeleton (Vaults:3)
  A catoblepas skeleton (Crypt:3)
  3 kobold demonologists (D:14)
  An anaconda simulacrum (Crypt:2)
  A tengu conjurer (D:14)
  A golden dragon simulacrum (Crypt:2)
  A pale draconian skeleton (Crypt:2)
  2 polar bears
  An ancient zyme (Abyss:2)
  2 queen bees (shapeshifter)
  12 trolls
  22 guardian mummies
  2 hydra zombies (Swamp:2)
  2 trolls (shapeshifter)
  A jumping spider (shapeshifter) (Vaults:1)
  11 tyrant leeches
  8 bog bodies
  Prince Ribbit (D:7)
  35 slime creatures
  15 hornets
  6 dream sheep (Lair:4)
  19 blink frogs
  A blink frog (shapeshifter) (Vaults:4)
  An ettin zombie (Crypt:2)
  A raiju (shapeshifter) (Vaults:5)
  13 hippogriffs
  A shock serpent simulacrum (Crypt:2)
  4 large abominations (Abyss:2)
  An ice dragon skeleton (Tomb:1)
  A spriggan (shapeshifter) (Vaults:5)
  24 flying skulls
  4 wyverns
  4 ettin skeletons
  11 shadows
  17 wraiths
  9 fire dragon skeletons (Crypt:3)
  5 water elementals
  2 air elementals
  A black mamba skeleton (Crypt:3)
  6 ushabtiu
  A hog (shapeshifter) (Elf:3)
  A human (shapeshifter) (Vaults:4)
  17 humans
  2 basilisks (Lair:3)
  40 yaks
  4 hungry ghosts
  8 hogs
  Eustachio (D:6)
  2 fire elementals
  17 vampire mosquitoes
  2 neqoxecs (Abyss:2)
  A two-headed ogre zombie (Crypt:2)
  A steam dragon (Swamp:4)
  7 wargs
  47 nagas
  An infernal demonspawn zombie (Crypt:1)
  8 swamp worms
  2 soldier ants
  2 acid dragons
  9 water moccasins
  4 hell hounds (D:15)
  A spiny frog skeleton (Crypt:3)
  A swamp drake (shapeshifter) (Vaults:2)
  7 porcupines
  10 swamp drakes
  A hornet zombie (Swamp:2)
  61 orc warriors
  3 sky beasts
  A black bear (D:10)
  An ice beast (D:11)
  A slave (D:6)
  A snapping turtle zombie (Crypt:1)
  A black bear (shapeshifter) (Vaults:1)
  8 necrophages
  25 ogres
  A wolf (shapeshifter) (Elf:2)
  8 wolves
  4 phantoms
  A manticore zombie (Crypt:2)
  7 boggarts
  14 crocodiles
  18 centaurs
  A rime drake zombie (Crypt:2)
  3 elf skeletons (Vaults:3)
  2 big kobolds
  2 human zombies (Vaults:4)
  20 bullfrogs
  2 elf zombies (Ossuary)
  5 earth elementals
  3 human skeletons
  5 scorpions
  2 small abominations (Abyss:2)
  A snapping turtle simulacrum (Crypt:2)
  8 wights
  6 killer bees (D:11)
  4 electric eels
  5 crimson imps
  5 centaur zombies
  A bullfrog zombie (D:8)
  A lava snake (D:9)
  4 quasits
  9 hounds
  9 jellies
  5 centaur skeletons
  47 orc priests
  A bullfrog skeleton (D:8)
  An iron imp (Abyss:2)
  15 orc wizards
  4 iguanas
  9 worker ants
  2 big kobold zombies (Ossuary)
  A naga skeleton (Crypt:3)
  41 mummies
  A hound zombie (Ossuary)
  A hound skeleton (D:4)
  16 gnolls
  3 worker ant zombies
  A howler monkey skeleton (D:7)
  20 adders
  A scorpion zombie (Crypt:2)
  4 shadow imps
  16 oozes
  A halfling zombie (Crypt:1)
  4 adder skeletons
  3 adder zombies
  An iguana skeleton (Crypt:1)
  4 worms
  3 leopard geckos
  114 orcs
  3 ball pythons
  A bat skeleton (Crypt:2)
  2 giant cockroaches
  7 goblins
  5 hobgoblins
  7 jackals
  7 quokkas
  A ball python skeleton (D:6)
  A bat (D:2)
  5 frilled lizards
  2 gnoll zombies
  A goblin zombie (Ossuary)
  5 hobgoblin zombies (Ossuary)
  2 jackal zombies (Ossuary)
  6 kobolds
  7 kobold zombies
  A leopard gecko skeleton (D:5)
  A leopard gecko zombie (D:6)
  3 orc zombies (Ossuary)
  6 quokka zombies (Ossuary)
  7 rats
  4 rat zombies (Ossuary)
  A river rat skeleton (Crypt:1)
  7 fungi
  15 plants
  A withered plant (D:11)
2177 creatures vanquished.

Vanquished Creatures (others)
  An ironheart preserver (Vaults:2)
  A hydra (Swamp:2)
  A lindwurm (Swamp:4)
  A tyrant leech (Swamp:2)
  2 hornets (Swamp:3)
  2 steam dragons (Swamp:4)
  6 swamp drakes
  A bullfrog (D:6)
  A scorpion (D:6)
  A howler monkey (D:6)
  A jelly (D:15)
  An adder zombie (D:6)
  A bush (Lair:6)
  8 fungi
  38 plants
  3 withered plants
69 creatures vanquished.

Grand Total: 2246 creatures vanquished

Notes
Turn   | Place    | Note
-------+----------+-------------------------------------------
     0 | D:1      | ezni the Gargoyle Earth Elementalist began the quest for
                  | the Orb.
     0 | D:1      | Reached XP level 1. HP: 10/10 MP: 3/3
   218 | D:1      | Reached XP level 2. HP: 14/15 MP: 3/5
   335 | D:1      | You fall into a shaft and drop 1 floor!
   374 | D:2      | Reached XP level 3. HP: 19/19 MP: 4/7
   603 | D:2      | Learned a level 3 spell: Stone Arrow
   715 | D:2      | Reached XP level 4. HP: 24/24 MP: 5/9
   986 | D:2      | Reached XP level 5. HP: 28/28 MP: 9/11
  1357 | D:2      | Reached skill level 5 in Spellcasting
  1667 | D:3      | Found a faded altar of an unknown god.
  2261 | D:3      | Learned a level 5 spell: Lee's Rapid Deconstruction
  2799 | D:3      | Reached XP level 6. HP: 32/32 MP: 14/14
  3495 | D:4      | Reached skill level 4 in Earth Magic
  3751 | D:4      | Reached skill level 5 in Earth Magic
  4108 | D:4      | Reached XP level 7. HP: 23/36 MP: 12/16
  4614 | D:5      | Entered Level 5 of the Dungeon
  4621 | D:5      | Found a runed translucent door.
  4621 | D:5      | Noticed jaiteiro's ghost (novice BaFi)
  4738 | D:5      | Found a bloodstained altar of Trog.
  4765 | D:5      | Reached skill level 6 in Earth Magic
  4908 | D:5      | Reached skill level 7 in Earth Magic
  5049 | D:6      | Found a staircase to the Ecumenical Temple.
  5049 | D:6      | Found a bloodstained altar of Trog.
  5049 | D:6      | Noticed Pikel
  5056 | D:6      | Killed Pikel
  5056 | D:6      | Reached skill level 9 in Earth Magic
  5056 | D:6      | Reached XP level 8. HP: 36/41 MP: 2/17
  5071 | D:6      | Reached skill level 1 in Fighting
  5212 | D:6      | Found an iron altar of Okawaru.
  5219 | D:6      | Noticed Eustachio
  5237 | D:6      | Killed Eustachio
  5367 | D:6      | Found a transporter.
  5367 | D:6      | Found a stormy altar of Qazlal.
  5371 | D:6      | Found a transporter.
  5417 | D:6      | Reached skill level 5 in Fighting
  5580 | D:6      | Found a runed translucent door.
  5580 | D:6      | Noticed nano's ghost (novice DsHu)
  5767 | D:7      | Reached XP level 9. HP: 47/54 MP: 17/18
  5879 | D:7      | Noticed Joseph
  5887 | D:7      | Killed Joseph
  6240 | D:7      | Noticed Prince Ribbit
  6247 | D:7      | Killed Prince Ribbit
  6407 | D:7      | Reached XP level 10. HP: 66/66 MP: 13/19
  6513 | D:8      | Reached skill level 5 in Armour
  6612 | D:8      | Got a warped ring mail
  6613 | D:8      | Identified the +1 ring mail of Usufis {*Slow +Fly rElec
                  | rC+} (You found it on level 8 of the Dungeon)
  6765 | D:8      | Reached skill level 10 in Earth Magic
  7205 | D:8      | Found a sand-covered staircase.
  7211 | Ossuary  | Entered an ossuary
  7660 | Temple   | Entered the Ecumenical Temple
  7736 | Temple   | Became a worshipper of Vehumet
  8001 | D:9      | Found a staircase to the Orcish Mines.
  8003 | D:9      | Found Ymnop's Weapon Emporium.
  8468 | D:9      | Found a shadowy altar of Dithmenos.
  8490 | D:9      | Noticed a two-headed ogre
  8494 | D:9      | Reached * piety under Vehumet
  8494 | D:9      | Offered knowledge of Flame Tongue by Vehumet.
  8505 | D:9      | Killed a two-headed ogre
  8801 | D:9      | Bought the +1 halberd "Demon's Demise" {pain, +Rage +Fly
                  | MR++} for 396 gold pieces
  8882 | D:9      | Reached XP level 11. HP: 71/71 MP: 24/24
  9060 | D:10     | Entered Level 10 of the Dungeon
  9071 | D:10     | Reached skill level 11 in Earth Magic
  9179 | D:10     | Found a runed translucent gate.
  9179 | D:10     | Found a runed translucent gate.
  9179 | D:10     | Found a runed translucent gate.
  9390 | D:10     | Noticed kalagan's ghost (journeyman GrEE)
  9745 | D:11     | Found Dulabos's Book Shoppe.
  9760 | D:11     | Noticed a cyclops
 10066 | D:11     | Killed a cyclops
 10066 | D:11     | Reached skill level 12 in Earth Magic
 10184 | D:11     | Offered knowledge of Throw Frost by Vehumet.
 10191 | D:11     | Reached ** piety under Vehumet
 10304 | D:11     | Killed an unseen horror
 10304 | D:11     | Reached skill level 13 in Earth Magic
 10375 | D:11     | Noticed Nergalle
 10381 | D:11     | Killed Nergalle
 10516 | D:11     | Found a staircase to the Lair.
 10516 | D:11     | Noticed an oklob plant
 10516 | D:11     | Noticed an oklob plant
 10521 | D:11     | Killed an oklob plant
 10572 | D:11     | Reached skill level 14 in Earth Magic
 10980 | D:11     | Killed an unseen horror
 10980 | D:11     | Reached XP level 12. HP: 66/76 MP: 20/25
 11164 | D:11     | Found a runed translucent gate.
 11167 | D:11     | Reached skill level 15 in Earth Magic
 11175 | D:11     | Found a runed translucent gate.
 11175 | D:11     | Found a runed translucent gate.
 11201 | D:11     | Noticed Jothiaqe's ghost (journeyman GnSk)
 11201 | D:11     | Noticed Empiepe's ghost (novice DDFi)
 11201 | D:11     | Noticed Loryin's ghost (journeyman GnVM)
 11201 | D:11     | Noticed Lexkydop's ghost (novice TrBe)
 11217 | Lair:1   | Entered Level 1 of the Lair of Beasts
 11220 | Lair:1   | Reached skill level 1 in Conjurations
 11388 | Lair:1   | Offered knowledge of Ignite Poison by Vehumet.
 11592 | Lair:1   | Reached skill level 5 in Conjurations
 12350 | Lair:2   | Found a staircase to the Swamp.
 12362 | Lair:2   | Reached *** piety under Vehumet
 12364 | Lair:2   | Noticed a five-headed hydra
 12374 | Lair:2   | HP: 2/76 [five-headed hydra (9)]
 12757 | Lair:2   | Killed a five-headed hydra
 13415 | Lair:3   | Got an iridescent war axe
 13429 | Lair:3   | Noticed a seven-headed hydra
 13438 | Lair:3   | Killed a seven-headed hydra
 13756 | Lair:3   | Noticed an eight-headed hydra
 13760 | Lair:3   | Killed an eight-headed hydra
 13760 | Lair:3   | Reached skill level 10 in Fighting
 13820 | Lair:3   | Noticed an eight-headed hydra
 13825 | Lair:3   | Killed an eight-headed hydra
 13825 | Lair:3   | Offered knowledge of Throw Icicle by Vehumet.
 13978 | Lair:3   | Reached XP level 13. HP: 84/84 MP: 26/26
 14961 | Lair:4   | Found a staircase to the Snake Pit.
 14965 | Lair:4   | Reached skill level 10 in Spellcasting
 15173 | Lair:4   | Reached **** piety under Vehumet
 15803 | Lair:5   | Offered knowledge of Airstrike by Vehumet.
 16067 | Lair:5   | Found a viscous altar of Jiyva.
 16067 | Lair:5   | Found a staircase to the Slime Pits.
 16945 | Lair:6   | Entered Level 6 of the Lair of Beasts
 16953 | Lair:5   | Reached ***** piety under Vehumet
 17145 | Lair:6   | Offered knowledge of Bolt of Draining by Vehumet.
 17432 | Lair:6   | Gained mutation: Your large and strong wings let you fly
                  | indefinitely. [Gargoyle growth]
 17432 | Lair:6   | Reached XP level 14. HP: 92/92 MP: 23/30
 17725 | Lair:6   | Reached skill level 16 in Earth Magic
 18504 | Lair:6   | Reached skill level 17 in Earth Magic
 19162 | Lair:6   | Reached skill level 18 in Earth Magic
 19240 | Lair:6   | Identified the Incunabulum of Captivating Self-Knowledge
 19454 | D:11     | Bought a book of Power for 540 gold pieces
 19461 | D:11     | Learned a level 6 spell: Iron Shot
 19471 | D:11     | Learned a level 9 spell: Shatter
 19517 | Lair:2   | Identified the +1 war axe of Righteous Fury {holy, rElec
                  | rF- Dex+3} (You found it on level 3 of the Lair of Beasts)
 19748 | D:12     | Offered knowledge of Bolt of Fire by Vehumet.
 20926 | D:13     | Got a sparkling steel ring
 21580 | D:14     | Found a gate to the Vaults.
 21580 | D:14     | Noticed Urug
 21581 | D:14     | Reached skill level 19 in Earth Magic
 21581 | D:14     | Reached XP level 15. HP: 96/96 MP: 31/31
 21585 | D:14     | Killed Urug
 22418 | D:14     | Reached skill level 20 in Earth Magic
 22528 | D:14     | Offered knowledge of Conjure Ball Lightning by Vehumet.
 23791 | D:14     | Found Bawkiuxt's Book Shoppe.
 23996 | D:15     | Entered Level 15 of the Dungeon
 24192 | D:15     | Found Mymo's Antique Weapon Boutique.
 24401 | D:15     | Noticed Azrael
 24952 | D:15     | Reached skill level 21 in Earth Magic
 25844 | D:15     | Found a shadowy altar of Dithmenos.
 25920 | D:15     | Found a staircase to the Depths.
 26210 | D:15     | Noticed Josephine
 26217 | D:15     | Killed Josephine
 26381 | D:15     | Killed Azrael
 26851 | D:15     | Identified the ring of Exhibitionism {rElec Str+4} (You
                  | found it on level 13 of the Dungeon)
 26959 | D:11     | Killed Jothiaqe's ghost
 26959 | D:11     | Reached XP level 16. HP: 96/101 MP: 11/32
 26961 | D:11     | Killed Lexkydop's ghost
 26969 | D:11     | Killed Empiepe's ghost
 26970 | D:11     | Killed Loryin's ghost
 27094 | D:10     | Killed kalagan's ghost
 27336 | D:6      | Killed nano's ghost
 27426 | D:5      | Killed jaiteiro's ghost
 27655 | Orc:1    | Entered Level 1 of the Orcish Mines
 27656 | Orc:1    | Offered knowledge of Irradiate by Vehumet.
 27945 | Orc:1    | Found Ykuofef's Distillery.
 28744 | Orc:2    | Entered Level 2 of the Orcish Mines
 28752 | Orc:2    | Found Sewunoekh's Food Shoppe.
 29046 | Orc:2    | Found Zatecuin's Jewellery Shoppe.
 29047 | Orc:2    | Found Secoul's General Store.
 29050 | Orc:2    | Offered knowledge of Poison Arrow by Vehumet.
 29482 | Orc:2    | Found Bulaluc's Antique Armour Shoppe.
 29499 | Orc:2    | Found a staircase to the Elven Halls.
 29750 | Orc:2    | Found Unoth's Gadget Emporium.
 29751 | Orc:2    | Found Huggihih's Weapon Emporium.
 29756 | Orc:2    | Bought an uncursed ring of see invisible for 150 gold
                  | pieces
 29802 | Orc:2    | Found Onalein's Gadget Shoppe.
 29878 | Orc:2    | Found Jadoqi's Food Shoppe.
 30294 | Swamp:1  | Entered Level 1 of the Swamp
 30710 | Swamp:1  | Offered knowledge of Bolt of Cold by Vehumet.
 31107 | Swamp:1  | Reached skill level 15 in Spellcasting
 31965 | Swamp:1  | Noticed a thorn hunter
 31971 | Swamp:1  | Killed a thorn hunter
 32412 | Swamp:2  | Noticed Nikola
 32413 | Swamp:2  | Reached XP level 17. HP: 107/108 MP: 36/36
 32419 | Swamp:2  | Killed Nikola
 32791 | Swamp:2  | Identified the +5 falchion "Lifebane" {slice, rPois rC+
                  | Str+2}
 33127 | Swamp:2  | Reached skill level 10 in Conjurations
 34069 | Swamp:3  | Offered knowledge of Ozocubu's Refrigeration by Vehumet.
 34827 | Swamp:3  | Noticed Jorgrun
 34836 | Swamp:3  | Killed Jorgrun
 35715 | Swamp:3  | Reached skill level 15 in Fighting
 35975 | Swamp:4  | Entered Level 4 of the Swamp
 36680 | Swamp:4  | Noticed Roxanne
 36741 | Swamp:4  | Reached XP level 18. HP: 119/119 MP: 18/37
 37473 | Swamp:4  | Got a decaying rune of Zot
 37997 | Swamp:4  | Killed Roxanne
 38218 | Snake:1  | Entered Level 1 of the Snake Pit
 38548 | Snake:1  | Noticed Rupert
 38556 | Snake:1  | Killed Rupert
 39021 | Snake:1  | Reached ****** piety under Vehumet
 39029 | Snake:1  | Reached skill level 15 in Conjurations
 39583 | Snake:2  | Offered knowledge of Lehudib's Crystal Spear by Vehumet.
 39583 | Snake:2  | Offered knowledge of Fire Storm by Vehumet.
 39583 | Snake:2  | Offered knowledge of Glaciate by Vehumet.
 39887 | Snake:2  | Noticed Vashnia
 39898 | Snake:2  | Killed Vashnia
 39909 | Snake:2  | Reached skill level 22 in Earth Magic
 40431 | Snake:2  | Found a runed translucent door.
 40431 | Snake:2  | Noticed Veruih's ghost (adept DDFi)
 40733 | Snake:2  | You are sucked into a shaft and drop 1 floor!
 40773 | Snake:2  | Found Kuamaple's Gadget Shoppe.
 40774 | Snake:2  | Found Verghiu's Jewellery Shop.
 40774 | Snake:2  | Found Isousuc's Jewellery Shop.
 40980 | Snake:3  | Identified Soid's Compendium of Attacks
 40995 | Snake:3  | Reached XP level 19. HP: 117/124 MP: 11/38
 41014 | Snake:3  | Noticed Aizul
 41186 | Snake:3  | Killed Aizul
 41651 | Snake:3  | Found Koqoidis's Assorted Antiques.
 41652 | Snake:3  | Found Caikosm's Magic Scroll Emporium.
 41658 | Snake:3  | Found Paqasuus's Gadget Emporium.
 41807 | Snake:3  | Learned a level 8 spell: Lehudib's Crystal Spear
 41829 | Snake:3  | Learned a level 9 spell: Fire Storm
 42153 | Snake:4  | Entered Level 4 of the Snake Pit
 42163 | Snake:4  | Reached skill level 23 in Earth Magic
 43541 | Snake:4  | Reached skill level 24 in Earth Magic
 44049 | Snake:4  | Got a serpentine rune of Zot
 44768 | Orc:2    | Bought a ration for 55 gold pieces
 44768 | Orc:2    | Bought a ration for 55 gold pieces
 44768 | Orc:2    | Bought a ration for 55 gold pieces
 44768 | Orc:2    | Bought a ration for 55 gold pieces
 44768 | Orc:2    | Bought a ration for 55 gold pieces
 44768 | Orc:2    | Bought a ration for 55 gold pieces
 44768 | Orc:2    | Bought a ration for 55 gold pieces
 44796 | Orc:2    | Bought a ration for 65 gold pieces
 44796 | Orc:2    | Bought a ration for 65 gold pieces
 44796 | Orc:2    | Bought a ration for 65 gold pieces
 44796 | Orc:2    | Bought a ration for 65 gold pieces
 44796 | Orc:2    | Bought a ration for 65 gold pieces
 44796 | Orc:2    | Bought a ration for 65 gold pieces
 44796 | Orc:2    | Bought a ration for 65 gold pieces
 44796 | Orc:2    | Bought a ration for 65 gold pieces
 44796 | Orc:2    | Bought a ration for 65 gold pieces
 44796 | Orc:2    | Bought a ration for 65 gold pieces
 44796 | Orc:2    | Bought a ration for 65 gold pieces
 44796 | Orc:2    | Bought a ration for 65 gold pieces
 44796 | Orc:2    | Identified 2 scrolls of acquirement
 44797 | Orc:2    | Got a flickering brass amulet
 44798 | Orc:2    | Identified the amulet of Sooxto {Faith +Fly} (You acquired
                  | it on level 2 of the Orcish Mines)
 44805 | Orc:2    | Got a flickering amethyst amulet
 44806 | Orc:2    | Identified the amulet of Ytuodo {Spirit rElec rN+ Int+5}
                  | (You acquired it on level 2 of the Orcish Mines)
 45003 | Elf:1    | Entered Level 1 of the Elven Halls
 45102 | Elf:1    | Upgraded the game from 0.24.1 to 0.24.1-1-gd1d2a07e1b
 45206 | Elf:1    | Noticed Frances
 45209 | Elf:1    | Noticed Kirke
 45212 | Elf:1    | Killed Frances
 45215 | Elf:1    | Killed Kirke
 45417 | Elf:1    | Found an ancient bone altar of Kikubaaqudgha.
 45430 | Elf:1    | Reached XP level 20. HP: 129/129 MP: 34/39
 45430 | Elf:1    | Reached skill level 25 in Earth Magic
 45817 | Elf:1    | Found a runed translucent gate.
 45817 | Elf:1    | Found a runed translucent gate.
 45818 | Elf:1    | Found a runed translucent gate.
 46108 | Elf:2    | Found Coihee's Distillery.
 46666 | Elf:2    | Found Novufair's Gadget Emporium.
 46673 | Elf:2    | Found Qasuji's Jewellery Shoppe.
 46692 | Elf:2    | Found Uvucsicao's Assorted Antiques.
 46963 | Elf:2    | Found a runed translucent gate.
 46963 | Elf:2    | Found a runed translucent gate.
 46963 | Elf:2    | Found a runed translucent gate.
 47253 | Elf:2    | Reached skill level 26 in Earth Magic
 47859 | Elf:3    | Entered Level 3 of the Elven Halls
 47909 | Elf:3    | Found a portal to a secret trove of treasure.
 48117 | Elf:3    | Found Ugiymir's Armour Emporium.
 48563 | Elf:3    | Reached skill level 27 in Earth Magic
 48564 | Elf:3    | Reached XP level 21. HP: 127/134 MP: 40/40
 48564 | Elf:3    | Reached skill level 10 in Armour
 48574 | Elf:3    | Cast into level 2 of the Abyss (a deep elf sorcerer)
 48722 | Abyss:2  | Found a corrupted altar of Lugonu.
 48798 | Abyss:2  | Gained mutation: Your magical capacity is low. (-10% MP) [a
                  | neqoxec]
 48800 | Abyss:2  | Gained mutation: Potions are less effective at restoring
                  | your health. [a neqoxec]
 48806 | Abyss:2  | Gained mutation: You are somewhat resistant to further
                  | mutation. [a neqoxec]
 48985 | Elf:3    | Escaped the Abyss
 49299 | Elf:3    | Identified the cursed +0 flail of Heiq {drain, Str+2}
 49299 | Elf:3    | Identified the ring "Ilail" {MR+ Int+5 Dex+6}
 49396 | Elf:3    | Got a bloodstained hand axe
 49397 | Elf:3    | Identified the cursed +2 hand axe of Inference {chop, rC+}
                  | (You found it on level 3 of the Elven Halls)
 49405 | Elf:3    | Got a scorched garnet amulet
 49406 | Elf:3    | Identified the amulet "Heime" {Acrobat Dex+2} (You found it
                  | on level 3 of the Elven Halls)
 49440 | Elf:3    | Identified the Disquisition on Frigorific Enhancements
 49449 | Elf:3    | Got a steaming granite ring
 49452 | Elf:3    | Identified the ring "Ereig" {rC+ Stlth-} (You found it on
                  | level 3 of the Elven Halls)
 49455 | Elf:3    | Got a smoking buckler
 49461 | Elf:3    | Identified the +2 buckler "Uvvolore" {rF+ Int-5 Dex+4} (You
                  | found it on level 3 of the Elven Halls)
 49473 | Elf:3    | Got a translucent bronze ring
 49474 | Elf:3    | Identified the ring of the Swan {Str+3 Int+3} (You found it
                  | on level 3 of the Elven Halls)
 49476 | Elf:3    | Identified the Collected Works on Congealing Dark Rites
 50299 | Orc:2    | Bought a runed buckler for 232 gold pieces
 50304 | Orc:2    | Bought a runed buckler for 232 gold pieces
 50440 | Vaults:1 | Entered Level 1 of the Vaults
 50653 | Vaults:1 | Reached skill level 1 in Shields
 51016 | Vaults:1 | Found a shimmering altar of Xom.
 51805 | Vaults:2 | Gained mutation: You are clumsy. (Dex -2) [a neqoxec]
 52049 | Vaults:1 | Lost mutation: Your magical capacity is low. (-10% MP)
                  | [potion of mutation]
 52049 | Vaults:1 | Lost mutation: You are clumsy. (Dex -2) [potion of
                  | mutation]
 52049 | Vaults:1 | Gained mutation: You are dopey. (Int -2) [potion of
                  | mutation]
 52049 | Vaults:1 | Gained mutation: You are covered in fur. (AC +1) [potion of
                  | mutation]
 52893 | Vaults:2 | Noticed Asterion
 52899 | Vaults:2 | Killed Asterion
 53160 | Vaults:2 | Got a spiked scale mail
 53161 | Vaults:2 | Identified the +1 scale mail "Uczym" {rF- Str+3 Dex+2} (You
                  | found it on level 2 of the Vaults)
 53721 | Vaults:3 | Reached XP level 22. HP: 140/140 MP: 41/41
 53849 | Vaults:3 | Reached skill level 15 in Armour
 54257 | Vaults:3 | Found a staircase to the Crypt.
 55376 | Vaults:4 | Found Sumiex's Magic Scroll Shoppe.
 55424 | Vaults:4 | Got a steaming chain mail
 55435 | Vaults:4 | Identified the +2 chain mail of Xuenomek {Int+5 Slay+2}
                  | (You found it on level 4 of the Vaults)
 55489 | Vaults:4 | Identified the +6 short sword of Elat Tej {venom, +Inv rF+}
 56228 | Vaults:4 | Found Aneenuoh's Antique Weapon Shop.
 56231 | Vaults:4 | Found Antidweu's Antique Weapon Emporium.
 56538 | Vaults:4 | Found Aprej's Weapon Boutique.
 56672 | Vaults:5 | Entered Level 5 of the Vaults
 56674 | Vaults:5 | Reached XP level 23. HP: 144/144 MP: 45/45
 56685 | Vaults:5 | Noticed an ancient lich
 56689 | Vaults:5 | Killed an ancient lich
 56697 | Vaults:5 | Noticed an ancient lich
 56699 | Vaults:5 | Killed an ancient lich
 57324 | Vaults:5 | Noticed a golden dragon
 57619 | Vaults:5 | Killed a golden dragon
 57861 | Vaults:5 | Identified the +9 flail of Honour {freeze, Stlth+}
 57863 | Vaults:5 | Reached XP level 24. HP: 150/150 MP: 24/47
 58099 | Vaults:5 | Got a silver rune of Zot
 58240 | Vaults:5 | Identified the Almanac of Unholy Snow
 58314 | Vaults:5 | Got an encrusted chain mail
 58316 | Vaults:5 | Identified the +6 chain mail of Gravity {+Fly rF+ MP-9
                  | Int+4} (You found it on level 5 of the Vaults)
 58389 | Vaults:5 | Got a scorched platinum ring
 58518 | Vaults:5 | Got a shimmering hand crossbow
 58519 | Vaults:5 | Identified the +3 hand crossbow of Malaise {elec, rElec
                  | Str-3 Int+6} (You found it on level 5 of the Vaults)
 59173 | Lair:2   | Identified the ring "Qemurphao" {EV+3 Str+4} (You found it
                  | on level 5 of the Vaults)
 59425 | Crypt:1  | Entered Level 1 of the Crypt
 59750 | Crypt:1  | Got a pair of brightly glowing gloves
 59941 | Crypt:1  | Found an ancient bone altar of Kikubaaqudgha.
 60346 | Crypt:1  | Noticed Khufu
 60348 | Crypt:1  | Noticed a greater mummy
 60353 | Crypt:1  | Noticed a greater mummy
 60355 | Crypt:1  | Killed Khufu
 60627 | Crypt:1  | Killed a greater mummy
 60669 | Crypt:1  | Killed a greater mummy
 62125 | Crypt:3  | Entered Level 3 of the Crypt
 62706 | Crypt:3  | Identified Cigotuvi's Almanac of Darkness
 63335 | Crypt:3  | Found an ancient bone altar of Kikubaaqudgha.
 63345 | Crypt:3  | Noticed an ancient lich
 63349 | Crypt:3  | Killed an ancient lich
 63349 | Crypt:3  | Reached XP level 25. HP: 135/155 MP: 28/49
 63349 | Crypt:3  | Noticed an ancient lich
 63353 | Crypt:3  | Killed an ancient lich
 63372 | Crypt:3  | Got a steaming steel ring
 63377 | Crypt:3  | Got a shadowed robe
 63379 | Crypt:3  | Identified the ring of Etuxorgh {rPois rC++} (You found it
                  | on level 3 of the Crypt)
 63398 | Crypt:3  | Identified the -2 pair of gloves "Xebbuist" {+Inv} (You
                  | found it on level 1 of the Crypt)
 63419 | Crypt:3  | Identified the +1 robe of Nobility {+Blink MR- Regen+
                  | Dex+8} (You found it on level 3 of the Crypt)
 63640 | Crypt:3  | Found a staircase to the Tomb.
 64119 | Tomb:1   | Entered Level 1 of the Tomb of the Ancients
 64294 | Tomb:1   | Paralysed by a sphinx for 5 turns
 64784 | Tomb:1   | Noticed a greater mummy
 64787 | Tomb:1   | Noticed a greater mummy
 64788 | Tomb:1   | Killed a greater mummy
 64791 | Tomb:1   | Noticed a greater mummy
 64793 | Tomb:1   | Killed a greater mummy
 64794 | Tomb:1   | Noticed a greater mummy
 64794 | Tomb:1   | Noticed a greater mummy
 65161 | Tomb:1   | Killed a greater mummy
 65258 | Tomb:1   | Noticed a greater mummy
 65265 | Tomb:1   | Killed a greater mummy
 65265 | Tomb:1   | Killed a greater mummy
 65496 | Tomb:1   | Noticed a greater mummy
 65501 | Tomb:1   | Killed a greater mummy
 65633 | Tomb:1   | Noticed a greater mummy
 65641 | Tomb:1   | Killed a greater mummy
 65641 | Tomb:1   | Noticed a greater mummy
 65672 | Tomb:1   | Killed a greater mummy
 65692 | Tomb:1   | Noticed a greater mummy
 66027 | Tomb:1   | Killed a greater mummy
 66033 | Tomb:1   | Killed a greater mummy
 66393 | Tomb:1   | Noticed a greater mummy
 66400 | Tomb:1   | Killed a greater mummy
 66400 | Tomb:1   | Reached XP level 26. HP: 122/160 MP: 26/51
 66525 | Tomb:1   | Noticed a greater mummy
 66531 | Tomb:1   | Killed a greater mummy
 66641 | Tomb:1   | Identified the +0 scale mail of the Ancient Nights {+Blink
                  | rPois MR+++ Str-3}
 66657 | Tomb:1   | Noticed a greater mummy
 66664 | Tomb:1   | Killed a greater mummy
 66710 | Tomb:1   | Noticed a greater mummy
 66729 | Tomb:1   | Killed a greater mummy
 67347 | Tomb:2   | Noticed a greater mummy
 67348 | Tomb:2   | Noticed a greater mummy
 67349 | Tomb:2   | Noticed a greater mummy
 67350 | Tomb:2   | Noticed an ancient lich
 67350 | Tomb:2   | Noticed a greater mummy
 67352 | Tomb:2   | Killed an ancient lich
 67352 | Tomb:2   | Killed a greater mummy
 67352 | Tomb:2   | Killed a greater mummy
 67353 | Tomb:2   | Killed a greater mummy
 67357 | Tomb:2   | Killed a greater mummy
 67492 | Tomb:2   | Paralysed by the power of Zot for 2 turns
 67498 | Tomb:2   | HP: 7/160 [death scarab (6)]
 67499 | Tomb:2   | Slain by a death scarab

Levels and vault maps discovered:
D:1:      dpeg_arrival_windows_large_door, layout_rooms
D:2:      layout_loops_ring
D:3:      layout_basic, chequers_ecumenical_altar_twisty, minivault_5,
          lightli_corner_chamber
D:4:      layout_gridville, first_ration
D:5:      layout_cave_pools, ebering_ghost_inner_flame, bloody_trog
D:6:      layout_loops_cross, gammafunk_temple_overflow_arena,
          minmay_temple_entry_trees, basic_altar, gammafunk_ghost_grave,
          okawaru_ov_weapons_minmay, uniq_eustachio, uniq_pikel
D:7:      layout_rooms, grunt_livestock, uniq_prince_ribbit1, uniq_joseph
D:8:      layout_loops_ring, enter_ossuary_3, feat_on_display
D:9:      layout_basic, orc_david_3, basic_altar, kennysheep_pointless_box
D:10:     layout_loops_ring, ebering_ghost_rock_garden
D:11:     layout_basic, dpeg_oklobed_lair, serial_shops, nicolae_shop_trees,
          gammafunk_ghost_cemetery, portal_ice_cave_rime,
          nrook_guardian_serpent_ordinary, uniq_nergalle
D:12:     layout_loops_ring
D:13:     layout_cave_pools
D:14:     layout_layer_cave, david_vaults_3, serial_shops, kennysheep_mini_moat,
          minmay_misc_feat_nine_boxes
D:15:     hangedman_depths_entry_try_elsewhere_first, layout_long_grid,
          serial_shops, nicolae_shop_statue_plus, basic_altar, serial_rivers,
          chequers_serial_rivers_small_a, chequers_serial_rivers_marsh,
          chequers_serial_rivers_large_a, chequers_serial_rivers_room_b,
          uniq_josephine, uniq_azrael
Temple:   regret_index_temple_sigil_plot
Lair:1:   layout_small_grid
Lair:2:   layout_big_grid, minmay_swamp_entry_reptiles, minmay_holes,
          minmay_lair_oklob_chamber
Lair:3:   layout_regular_city, infiniplex_staircase_pool_2, grunt_megastairs_5
Lair:4:   layout_regular_city, minmay_snake_entry_spellcaster
Lair:5:   lemuel_slime, layout_regular_city, dpeg_slime_entry_enclosed_altar,
          chequers_serial_rivers_small_b, infiniplex_staircase_pool
Lair:6:   evilmike_catoblepas_cave, layout_gridlike, minmay_lair_drake_nest,
          lemuel_fruit_tree, grunt_megastairs_4, uniq_urug
Swamp:1:  layout_basic_swamp, evilmike_swamp_ruin_house_3, swamp_pool1,
          hangedman_swamp_cone
Swamp:2:  layout_basic_swamp, evilmike_swamp_ruin_house_1, swamp_pool2,
          nicolae_swamp_necromancer_hut, uniq_nikola
Swamp:3:  layout_basic_swamp, nicolae_swamp_treefoil, uniq_jorgrun
Swamp:4:  swamp_fiery, layout_basic_swamp, uniq_roxanne
Snake:1:  layout_concentric_octagons, serial_bayou_shore_a, uniq_rupert
Snake:2:  layout_basic, ebering_ghost_inner_flame, serial_bayou_shore_b,
          minmay_shop_grove, uniq_vashnia
Snake:3:  layout_onion, minmay_shop_star, uniq_aizul
Snake:4:  snake_pit, layout_layer_cave
Orc:1:    layout_diamond_mine, serial_shops, shop_coins, nooodl_orcs_dogs
Orc:2:    st_orc_pillars, layout_caves, serial_shops, nicolae_shop_stone,
          shop_statue, nicolae_shop_behind_doors, shop_statue
Elf:1:    eino_elf_arrival_the_gate, layout_loops_cross, basic_altar,
          ploomutoo_gammafunk_ghost_potion_laboratory,
          hangedman_elven_crosses_minicolossus, uniq_frances, uniq_kirke
Elf:2:    layout_onion_city, serial_shops, shop, shop, nicolae_shop_statue_plus,
          shop
Elf:3:    elf_hall, layout_gridlike, serial_shops, nicolae_shop_stone,
          nicolae_trove_entry_path_of_doom
Vaults:1: hangedman_vaults_cutoff, st_more_cells, hangedman_vaults_trim,
          grunt_vaults_hallway_short, nicolae_vaults_asterisk,
          ontoclasm_vaults_chip, layout_vaults_omnigrid, basic_altar
Vaults:2: st_octagons_2, ontoclasm_vaults_bender,
          nicolae_vaults_big_angled_halls, ontoclasm_vaults_tryst,
          vaults_dpeg_ring, hangedman_vaults_hat, v_misc_9,
          ontoclasm_vaults_hangar, ontoclasm_vaults_ring_square, v_misc_19,
          dpeg_vaults_monster_box, layout_vaults_big_room, uniq_asterion
Vaults:3: minmay_crypt_entry_skeletal_spiral, hangedman_vaults_locks,
          hangedman_vaults_stream, nicolae_vaults_ninety_degrees, v_misc_18,
          hangedman_vaults_nails, ontoclasm_vaults_chip,
          ontoclasm_vaults_shuriken, ontoclasm_vaults_decontamination,
          nicolae_vaults_little_squares_4, layout_vaults_ring
Vaults:4: vaults_dpeg_spiral, vaults_standard_mumra_x, v_misc_32,
          nicolae_vaults_network_s, v_misc_26, v_rooms_5,
          nicolae_vaults_mini_display_case, v_misc_25, nicolae_vaults_theta,
          nicolae_vaults_ring_of_whatevers, grunt_vaults_focal,
          nicolae_vaults_shelves_hall, grunt_vaults_hallway_long,
          layout_vaults_maze_bifur, serial_shops, shop,
          nicolae_shop_statue_plus, nicolae_shop_waterfront, shop_coins
Vaults:5: serial_shops
Crypt:1:  layout_chaotic_city, basic_altar, chequers_big_river, st_stairs_1,
          grunt_crypt_arrival_split, uniq_khufu
Crypt:2:  layout_catacombs, lemuel_elevator
Crypt:3:  quadcrypt_mu
Tomb:1
Tomb:2

Skill      XL: |  1  2  3  4  5  6  7  8  9 10 11 12 13 14 15 16 17 18 19 20 21 22 23 24 25 26 |
---------------+-------------------------------------------------------------------------------+-----
Spellcasting   | 3 4 5 6 9 12 15 18 20 22 24 26 | 26.0
Earth Magic    | 5 9 10 14 15 19 21 22 24 27 | 27.0
Fighting       | 5 9 10 12 15 | 15.0
Armour         | 4 6 8 9 14 15 | 15.0
Conjurations   | 9 12 15 | 15.0
Shields        | 4 |  4.2
Dodging        | |  1.5
Stealth        | |  2.1
Transmutations | |  0.7

Action                   |  1- 3 |  4- 6 |  7- 9 | 10-12 | 13-15 | 16-18 | 19-21 | 22-24 | 25-27 || total
-------------------------+-------+-------+-------+-------+-------+-------+-------+-------+-------++-------
Melee: Club              |    11 |    51 |       |       |       |       |       |       |       ||    62
       Whip              |       |    82 |    68 |   121 |       |       |       |       |       ||   271
       Morningstar       |       |       |       |    39 |       |       |       |       |       ||    39
       Halberd           |       |       |       |    39 |   121 |    12 |       |       |       ||   172
       Staff             |       |       |       |       |       |    53 |     1 |    25 |    20 ||    99
 Cast: Sandblast         |    26 |    42 |    24 |   182 |    97 |       |       |       |       ||   371
       Stone Arrow       |       |    12 |     3 |    15 |    61 |   142 |    38 |     3 |     1 ||   275
       Lee's Rapid Decon |       |       |    22 |   108 |   307 |   138 |   240 |   277 |    51 ||  1143
       Iron Shot         |       |       |       |       |    35 |   283 |   161 |   116 |    90 ||   685
       Shatter           |       |       |       |       |     2 |    56 |    46 |    66 |    30 ||   200
       Lehudib's Crystal |       |       |       |       |       |       |     7 |    25 |    16 ||    48
 Abil: Fly               |       |       |       |       |       |     1 |       |       |       ||     1
Evoke: Wand              |       |       |       |     1 |     8 |    20 |     3 |       |       ||    32
  Use: Scroll            |       |     7 |     1 |    20 |    13 |     3 |    16 |     2 |     7 ||    69
       Potion            |       |       |       |       |     3 |     4 |     3 |     2 |    13 ||    25
 Stab: Sleeping          |     1 |     4 |     3 |     1 |       |       |       |       |       ||     9
  Eat: Chunk             |       |     7 |     9 |    37 |    50 |    67 |    42 |    17 |       ||   229
       Ration            |       |     1 |     1 |     2 |     9 |    18 |    10 |     8 |     4 ||    53
Armor: Robe              |     5 |    59 |    22 |       |       |       |       |       |       ||    86
       Leather armour    |       |       |    28 |   207 |   250 |   348 |   135 |    21 |       ||   989
       Chain mail        |       |       |       |       |       |       |       |   141 |   215 ||   356
Dodge: Dodged            |     7 |   108 |    60 |   228 |   177 |   270 |    81 |    61 |    55 ||  1047
       Deflected         |       |       |       |       |       |       |    20 |    34 |     1 ||    55
Block: Buckler           |       |       |       |       |       |       |    14 |    71 |    57 ||   142
